 Dungeon Crawl Stone Soup version 0.19.4-9-g45fd643 (webtiles) character file.

9907 graki42 the Carver (level 11, -3/111 HPs)
             Began as a Halfling Fighter on Feb 15, 2017.
             Was a High Priest of Trog.
             Slain by a 12-headed hydra (5 damage)
             ... on level 2 of the Lair of Beasts.
             The game lasted 00:31:00 (9872 turns).

graki42 the Carver (Halfling Fighter)               Turns: 9872, Time: 00:31:08

Health: -3/111     AC: 12    Str: 23    XL:     11   Next: 83%
Magic:  11/11      EV: 13    Int:  8    God:    Trog [*****.]
Gold:   618        SH: 13    Dex: 15    Spells: 0 memorised, 10 levels left

rFire  + . .     SeeInvis .     q - +6 falchion (slice)
rCold  . . .     Gourm    .     r - +1 scale mail {rC+}
rNeg   . . .     Faith    .     c - +0 shield
rPois  .         Spirit   .     j - +1 hat
rElec  .         Reflect  .     k - +0 cloak
rCorr  .         Harm     .     (no gloves)
MR     .....                    (no boots)
Stlth  ..........               (no amulet)
                                V - ring of stealth
                                F - ring of fire

@: berserking, very quick
A: mutation resistance 1
a: Berserk, Trog's Hand, Brothers in Arms, Burn Spellbooks, Renounce Religion


You were on level 2 of the Lair of Beasts.
You worshipped Trog.
Trog was extremely pleased with you.
You were very hungry.

You visited 2 branches of the dungeon, and saw 12 of its levels.
You also visited: Sewer.

You collected 640 gold pieces.
You spent 22 gold pieces at shops.

Inventory:

Hand Weapons
 q - a +6 falchion of slicing (weapon)
 w - a +0 blowgun
Missiles
 e - 7 tomahawks (quivered)
 y - 43 poisoned needles
 N - 3 needles of confusion
Armour
 c - a +0 shield (worn)
 j - a +1 hat (worn)
 k - a +0 cloak (worn)
 r - a +1 scale mail of cold resistance (worn)
 J - a +2 plate armour of poison resistance
 U - a +1 chain mail of magic resistance
Jewellery
 F - a ring of fire (left hand)
 O - an uncursed ring of flight
 V - a ring of stealth (right hand)
Wands
 B - a wand of paralysis (12/24)
Scrolls
 i - 10 scrolls of remove curse
 v - 5 scrolls of enchant armour {unknown}
 x - a scroll of recharging {unknown}
 z - a scroll of fear {unknown}
 C - 2 scrolls of blinking {unknown}
 K - 3 scrolls of magic mapping
 Q - 2 scrolls of random uselessness {unknown}
 S - 2 scrolls of amnesia {unknown}
 T - 2 scrolls of teleportation {unknown}
 W - a scroll of enchant weapon {unknown}
Potions
 b - 3 potions of agility
 d - a potion of might
 g - a potion of brilliance
 l - 9 potions of heal wounds
 p - 6 potions of curing {unknown}
 s - 3 potions of mutation
 t - 2 potions of flight
 u - 4 potions of resistance {unknown}
 E - 3 potions of haste
 P - a potion of invisibility
Books
 m - a book of the Earth

   Spells                             Type                      Level
   a - Leda's Liquefaction            Hexes/Earth                  4
   b - Bolt of Magma                  Conjuration/Fire/Earth       5
   c - Statue Form                    Transmutation/Earth          6
   d - Iron Shot                      Conjuration/Earth            6
   e - Shatter                        Earth                        9
   Trog disapproves of the use of such an item.
Comestibles
 a - 9 bread rations
 f - a chunk of flesh
 h - 3 slices of pizza
 H - 8 fruits


   Skills:
 + Level 6.7 Fighting
 + Level 10.8 Long Blades
 + Level 1.9 Throwing
 + Level 9.7 Armour
 + Level 3.4 Dodging
 + Level 1.4 Stealth
 + Level 9.9 Shields


You had 10 spell levels left.
You didn't know any spells.

Dungeon Overview and Level Annotations

Branches:
Dungeon (10/15)            Temple (0/1) D:6            Lair (2/6) D:8
  Swamp: Lair:2-4    Shoals: Lair:2-4     Snake: Lair:2-4    Spider: Lair:2-4
    Orc: D:9-12

Altars:
Ashenzari
Dithmenos
Fedhas
Gozag
Okawaru
Sif Muna
Trog
Zin

Shops:
D:4 =   D:8 =


Innate Abilities, Weirdness & Mutations

You are small and have problems with some larger weapons.
You are somewhat resistant to further mutation.


Message History

The 11-headed hydra is heavily wounded.
The 11-headed hydra bites you! You block the 11-headed hydra's attack.
The 11-headed hydra bites you! x2
* * * LOW HITPOINT WARNING * * *
The 11-headed hydra bites you!
* * * LOW HITPOINT WARNING * * *
The 11-headed hydra bites you.
* * * LOW HITPOINT WARNING * * *
The 11-headed hydra closely misses you. The 11-headed hydra bites you.
* * * LOW HITPOINT WARNING * * *
You block the 11-headed hydra's attack. x2; The 11-headed hydra misses you.
You barely miss the 11-headed hydra.
The 11-headed hydra is heavily wounded.
You lop one of the 11-headed hydra's heads off!
The ten-headed hydra grows two more!
You slash the 12-headed hydra!
The 12-headed hydra is severely wounded.
The 12-headed hydra bites you.
* * * LOW HITPOINT WARNING * * *
You block the 12-headed hydra's attack. The 12-headed hydra bites you.
You die...

##...#
##...#
#..###
##.# ##.#
#..# ##.#
#.## #D@#
.YY.YY.##
#####..#
####


You could see a 12-headed hydra and 4 yaks.

Vanquished Creatures
  The ghost of graki42 the Cleaver, a novice HOGl of Uskayaw (D:8)
  A hill giant (D:9)
  An oklob plant (D:8)
  A komodo dragon (Lair:2)
  Grinder (D:6)
  4 trolls
  2 hippogriffs (Lair:2)
  A two-headed ogre (D:10)
  Sigmund (D:6)
  Grum (D:10)
  6 yaks (D:10)
  Eustachio (D:4)
  6 sky beasts
  3 orc warriors
  6 ogres
  An ice beast (D:8)
  4 wolves (D:10)
  8 centaurs
  6 big kobolds
  A bullfrog (D:6)
  3 scorpions
  20 killer bees
  3 wights (D:10)
  2 howler monkeys
  3 crimson imps
  2 centaur zombies
  A jelly (D:5)
  4 orc priests
  10 hounds
  An iguana (D:10)
  7 orc wizards
  A bullfrog skeleton (D:4)
  Jessica (D:2)
  2 hell rats (D:5)
  Terence (D:3)
  A worker ant (D:5)
  A hound skeleton (D:4)
  5 river rats (D:5)
  9 adders
  2 shadow imps
  5 oozes
  An adder zombie (D:1)
  3 adder skeletons
  3 worms
  2 dart slugs
  6 leopard geckos
  24 orcs
  5 ball pythons
  9 giant cockroaches
  6 goblins
  4 hobgoblins
  10 jackals
  5 quokkas
  9 bats
  3 frilled lizards
  30 kobolds
  A quokka zombie (D:1)
  37 rats
  2 plants
300 creatures vanquished.

Vanquished Creatures (others)
  A fungus (D:8)
1 creature vanquished.

Grand Total: 301 creatures vanquished

Notes
Turn   | Place    | Note
-------+----------+-------------------------------------------
     0 | D:1      | graki42 the Halfling Fighter began the quest for the Orb.
     0 | D:1      | Reached XP level 1. HP: 15/15 MP: 1/1
    56 | D:1      | Reached XP level 2. HP: 18/20 MP: 2/2
   373 | D:1      | Reached XP level 3. HP: 26/26 MP: 3/3
   903 | D:2      | Found a bloodstained altar of Trog.
   922 | D:2      | Became a worshipper of Trog the Wrathful
  1052 | D:2      | Reached XP level 4. HP: 27/31 MP: 4/4
  1136 | D:2      | Noticed Jessica
  1148 | D:2      | Killed Jessica
  1148 | D:2      | Reached skill level 3 in Long Blades
  1194 | D:2      | Reached XP level 5. HP: 26/36 MP: 5/5
  1651 | D:3      | Reached skill level 1 in Dodging
  1759 | D:3      | Found a shadowy altar of Dithmenos.
  1804 | D:3      | Reached * piety under Trog
  1896 | D:3      | Noticed Terence
  1913 | D:4      | Noticed Eustachio
  1934 | D:4      | Killed Eustachio
  1934 | D:4      | Reached skill level 1 in Throwing
  1934 | D:4      | Reached XP level 6. HP: 14/42 MP: 6/6
  2286 | D:4      | Found Nog Zadd's Jewellery Boutique.
  2295 | D:4      | Bought a cursed amulet of inaccuracy for 22 gold pieces
  2307 | D:4      | Noticed an ogre
  2314 | D:4      | Killed an ogre
  2314 | D:4      | Reached skill level 4 in Long Blades
  2314 | D:4      | Reached skill level 5 in Shields
  2314 | D:4      | Reached XP level 7. HP: 46/46 MP: 7/7
  2474 | D:3      | Found an iron altar of Okawaru.
  2600 | D:3      | Killed Terence
  3447 | D:5      | Entered Level 5 of the Dungeon
  3447 | D:5      | Found a shattered altar of Ashenzari.
  3517 | D:5      | Found a glowing drain.
  3521 | Sewer    | Entered a sewer
  3562 | Sewer    | Reached skill level 5 in Armour
  3633 | Sewer    | Reached ** piety under Trog
  3633 | Sewer    | Reached XP level 8. HP: 44/54 MP: 8/8
  4008 | D:5      | Found a shattered altar of Ashenzari.
  4207 | D:5      | Reached skill level 5 in Long Blades
  4280 | D:5      | Reached *** piety under Trog
  4839 | D:6      | Found a staircase to the Ecumenical Temple.
  4854 | D:6      | Noticed Grinder
  4870 | D:6      | Paralysed by Grinder for 3 turns
  4881 | D:6      | Killed Grinder
  4881 | D:6      | Reached skill level 6 in Long Blades
  4956 | D:6      | Noticed Sigmund
  5446 | D:6      | Killed Sigmund
  5446 | D:6      | Reached XP level 9. HP: 59/59 MP: 9/9
  5457 | D:6      | Reached skill level 7 in Long Blades
  5592 | D:6      | Found an opulent altar of Gozag.
  5740 | D:7      | Found a deep blue altar of Sif Muna.
  5817 | D:7      | Reached skill level 1 in Stealth
  6294 | D:7      | Reached skill level 8 in Long Blades
  6739 | D:8      | Reached skill level 5 in Fighting
  6739 | D:8      | Reached XP level 10. HP: 63/66 MP: 10/10
  6759 | D:8      | Found a staircase to the Lair.
  6770 | D:8      | Found a blossoming altar of Fedhas.
  6784 | D:8      | Noticed graki42's ghost (novice HOGl)
  6805 | D:8      | Killed graki42's ghost
  6808 | D:8      | Noticed an oklob plant
  6891 | D:8      | Killed an oklob plant
  6891 | D:8      | Reached skill level 9 in Long Blades
  7246 | D:8      | Found a glowing silver altar of Zin.
  7255 | D:8      | Reached **** piety under Trog
  7562 | D:8      | Found Ludwixar's Jewellery Emporium.
  8002 | D:9      | Noticed a hill giant
  8007 | D:9      | Killed a hill giant
  8070 | D:9      | Reached XP level 11. HP: 72/72 MP: 11/11
  8197 | D:9      | Received a gift from Trog
  8528 | D:9      | Reached skill level 10 in Long Blades
  8630 | D:10     | Entered Level 10 of the Dungeon
  8804 | D:10     | Noticed Grum
  8824 | D:10     | Killed Grum
  8902 | D:10     | Reached ***** piety under Trog
  9666 | Lair:1   | Entered Level 1 of the Lair of Beasts
  9862 | Lair:2   | Noticed a five-headed hydra
  9872 | Lair:2   | HP: 2/111 [12-headed hydra (6)]
  9872 | Lair:2   | Slain by a 12-headed hydra

Skill      XL: |  1  2  3  4  5  6  7  8  9 10 11 |
---------------+----------------------------------+-----
Fighting       | 3 4 5 6 |  6.7
Long Blades    | 3 4 6 8 9 10 | 10.8
Shields        | 4 5 6 8 9 |  9.9
Dodging        | 1 2 3 |  3.4
Throwing       | 1 |  1.9
Armour         | 4 5 6 7 8 9 |  9.7
Stealth        | 1 |  1.4

Action                   |  1- 3 |  4- 6 |  7- 9 | 10-12 || total
-------------------------+-------+-------+-------+-------++-------
Melee: Long sword        |   111 |   106 |       |       ||   217
       Falchion          |       |     9 |   348 |   480 ||   837
 Fire: Blowgun           |       |       |       |     4 ||     4
Throw: Tomahawk          |    10 |    14 |       |       ||    24
Invok: Berserk           |       |     2 |     7 |    13 ||    22
       Trog's Hand       |       |       |     1 |     1 ||     2
  Use: Scroll            |       |     1 |     4 |     8 ||    13
       Potion            |       |       |     2 |       ||     2
  Eat: Chunk             |     1 |     4 |    19 |    16 ||    40
       Fruit             |       |       |     2 |     2 ||     4
       Pizza             |       |       |     1 |     1 ||     2
       Beef jerky        |       |       |       |     2 ||     2
Armor: Scale mail        |    61 |    73 |     3 |    35 ||   172
       Plate armour      |       |       |   168 |   166 ||   334
Dodge: Dodged            |    56 |    66 |    77 |   116 ||   315
Block: Shield            |    75 |   108 |   149 |   270 ||   602
       Rpst.: Long sword |    19 |    24 |       |       ||    43
       Falchion          |       |     1 |    26 |    23 ||    50
